 Dungeon Crawl Stone Soup version 0.26.1-11-gd32895ea62 (webtiles) character file.

Game seed: 13564959906929240904

4760 Iziminza the Destroyer (level 10, -5/48 HPs)
             Began as a Felid Conjurer on July 12, 2021.
             Was a Priest of Vehumet.
             Slain by a boulder beetle (53 damage)
             ... on level 12 of the Dungeon on July 28, 2021.
             The game lasted 01:28:57 (15507 turns).

Iziminza the Destroyer (Felid Conjurer)            Turns: 15507, Time: 01:28:57

Health: -5/48      AC:  2    Str:  5    XL:     10   Next: 23%
Magic:  22/27      EV: 24    Int: 20    God:    Vehumet [***...]
Gold:   789        SH:  0    Dex: 17    Spells: 2/19 levels left
                                        Lives:  0   Deaths: 3

rFire    . . .     SeeInvis +   (weapon unavailable)
rCold    + + .     Faith    .   (shield unavailable)
rNeg     . . .     Spirit   .   (armour unavailable)
rPois    .         Reflect  .   (helmet unavailable)
rElec    .         Harm     .   (cloak unavailable)
rCorr    .         Rampage  .   (gloves unavailable)
Will     +....                  (boots unavailable)
Stlth    ++++......             u - amulet "Zeimata" {*Corrode rC+ Regen+ MP+9 Dex+3}
HPRegen  0.56/turn              H - ring of flight
MPRegen  0.20/turn              (no ring)

@: quick
A: very small, no armour, no weapons or thrown items, stealth, claws 1, fangs 3,
see invisible, cold resistance 1, dopey 1, speed 1, shaggy fur 2, sharp paws
a: Renounce Religion, Evoke Flight


You were on level 12 of the Dungeon.
You worshipped Vehumet.
Vehumet was most pleased with you.
You visited 2 branches of the dungeon, and saw 13 of its levels.

You collected 789 gold pieces.

Inventory:

Jewellery
 h - an uncursed ring of fire
 l - an uncursed amulet of the acrobat
 u - the amulet "Zeimata" (around neck) {*Corrode rC+ Regen+ MP+9 Dex+3}
   (You found it on level 4 of the Dungeon)

   [amulet of regeneration]

   It affects your dexterity (+3).
   It protects you from cold.
   It affects your magic capacity (+9).
   It increases your rate of regeneration.
   It may corrode you when you take damage.
 H - a ring of flight (left paw)
Wands
 w - a wand of disintegration (13)
 x - a wand of flame (20)
 A - a wand of random effects (10)
 B - a wand of polymorph (4)
Scrolls
 b - 3 scrolls of amnesia
 d - a scroll of fear
 f - 10 scrolls of remove curse
 m - 4 scrolls of blinking
 n - 6 scrolls of teleportation
 o - 3 scrolls of fog {unknown}
 p - 2 scrolls of magic mapping {unknown}
 r - 3 scrolls of enchant weapon {unknown}
 t - 2 scrolls of immolation
 G - a scroll of summoning {unknown}
Potions
 a - 3 potions of flight
 c - 5 potions of attraction
 e - a potion of might
 g - 2 potions of haste
 i - a potion of resistance
 j - a potion of curing
 k - 2 potions of berserk rage
 q - a potion of ambrosia
 s - 3 potions of mutation
 v - a potion of heal wounds
 z - a potion of magic
 C - a potion of invisibility
 D - a potion of brilliance {unknown}
 E - a potion of cancellation
Miscellaneous
 y - a phial of floods


   Skills:
 + Level 7.7 Fighting
 + Level 8.7 Dodging
 - Level 7.0 Stealth
 - Level 5.0 Spellcasting
 - Level 10.0 Conjurations
 - Level 2.0 Summonings
 - Level 5.0 Transmutations
 - Level 5.0 Ice Magic
 - Level 3.0 Evocations


You had 2 spell levels left.
You knew the following spells:

 Your Spells              Type           Power        Failure   Level
a - Magic Dart            Conj           100%         1%          1
b - Searing Ray           Conj           90%          1%          2
c - Iskenderun's Mystic   Conj/Tloc      25%          4%          4
d - Summon Guardian Gole  Hex/Summ       9%           22%         3
e - Ice Form              Ice/Tmut       25%          14%         4
f - Mephitic Cloud        Conj/Pois/Air  18%          2%          3

Your spell library contained the following spells:

 Spells                   Type           Power        Failure   Level
 Beastly Appendage        Tmut           50%          1%          1
 Wereblood                Tmut           25%          2%          2
 Summon Small Mammal      Summ           52%          4%          1
 Call Imp                 Summ           13%          8%          2
 Animate Skeleton         Necr           10%          12%         1
 Apportation              Tloc           10%          12%         1
 Corona                   Hex            5%           12%         1
 Pain                     Necr           20%          12%         1
 Dazzling Flash           Conj/Hex       50%          1%          3
 Fulminant Prism          Conj/Hex       12%          4%          4
 Spider Form              Tmut/Pois      7%           12%         3
 Call Canine Familiar     Summ           13%          16%         3
 Summon Ice Beast         Ice/Summ       19%          26%         4
 Vampiric Draining        Necr           2%           34%         3
 Blade Hands              Tmut           12%          38%         5
 Summon Lightning Spire   Summ/Air       9%           58%         4
 Animate Dead             Necr           2%           75%         4
 Agony                    Necr           5%           97%         5


Dungeon Overview and Level Annotations

Branches:
Dungeon (12/15)            Temple (1/1) D:7            Lair (0/6) D:11
    Orc (0/2) D:10

Altars:
Ashenzari
Cheibriados
Dithmenos
Elyvilon
Fedhas
Gozag
Hepliaklqana
Kikubaaqudgha
Makhleb
Nemelex Xobeh
Okawaru
Qazlal
Ru
Sif Muna
Trog
Uskayaw
Vehumet
Wu Jian
Xom
Yredelemnul
Zin
The Shining One

Annotations:
D:4 exclusion: downstairs
D:5 exclusion: downstairs
D:6 Maggie
D:8 2 transporters, exclusion: downstairs, weresquid's ghost, novice KoHu
D:11 Kirke


Innate Abilities, Weirdness & Mutations

You cannot wear armour.
You are incapable of wielding weapons or throwing items.
Your paws allow you to move quietly. (Stealth)
You have sharp claws.
You have razor-sharp teeth.
You have supernaturally acute eyesight. (SInv)
You cover ground quickly.
You are covered in thick fur. (AC +2)
Your sharp claws are effective at attacking unaware monsters.
Your flesh is cold resistant. (rC+)
You are dopey. (Int -2)


Message History

The centaur warrior skeleton misses you.
The searing ray hits the centaur warrior skeleton!
The centaur warrior skeleton is almost destroyed.
You finish channeling your searing ray.
The centaur warrior skeleton barely misses you.
Casting: Searing Ray (safe; 1% risk of failure)
Confirm with . or Enter, or press ? or * to list all spells.
Aiming: Searing Ray (safe; 1% risk of failure)
Press: ? - help, Shift-Dir - straight line, f/p - centaur warrior skeleton
Aim: a centaur warrior skeleton (almost destroyed, 0% to evade)
The searing ray hits the centaur warrior skeleton!
You destroy the centaur warrior skeleton!
Vehumet accepts your kill.
You feel your power returning. (Press . to maintain the ray.)
The ogre shouts!
You hear a shout!
The boulder beetle curls into a ball and begins rolling!
The boulder beetle hits you!!!
Ouch! That really hurt!
You die...

#... ## #..† #.#
##...##.# ###......###
### ....?......###.##
..$...[.......#.#
..............###
.......°°.....#.##
......O.(°.@....(##
..........B.......##
..°................####
......###.........###.##
....# ##..###.......<#
... #..# #.......<# ..#
##..###.......<#
....###.............##
...................##


You could see a boulder beetle and an ogre.

Vanquished Creatures
  A two-headed ogre (D:10)
  Pikel (D:9)
  An ugly thing (D:11)
  Joseph (D:9)
  A centaur zombie (D:11)
  An elephant (D:11)
  A troll (D:12)
  4 yaks (D:10)
  6 hogs
  A wyvern (D:11)
  A warg (D:10)
  A water moccasin (D:11)
  An acid dragon (D:12)
  4 orc warriors
  4 ice beasts
  A sky beast (D:9)
  An eye of draining (D:12)
  3 black bears
  2 phantoms
  An ogre (D:4)
  5 centaurs
  A lemure (D:9)
  5 bullfrogs
  A wyvern zombie (D:11)
  A water moccasin zombie (D:7)
  3 scorpions
  9 killer bees
  3 wights (D:8)
  3 quasits
  A bullfrog zombie (D:5)
  2 jellies
  9 hounds
  5 bullfrog skeletons
  2 centaur skeletons
  7 orc priests
  10 orc wizards
  An iguana (D:9)
  2 hell rats (D:7)
  12 worker ants
  A killer bee zombie (D:9)
  A hound skeleton (D:7)
  A howler monkey zombie (D:7)
  A worker ant zombie (D:10)
  3 gnolls (D:6)
  7 river rats (D:7)
  9 adders
  3 white imps
  An ufetubus (D:5)
  An ooze (D:3)
  2 adder zombies
  2 worms
  2 dart slugs
  7 leopard geckos
  47 orcs
  7 giant cockroaches
  16 goblins
  4 hobgoblins (D:3)
  9 jackals
  9 quokkas
  2 ball pythons
  8 bats
  4 frilled lizards
  A jackal skeleton (D:7)
  A jackal zombie (D:5)
  8 kobolds
  3 leopard gecko skeletons
  22 rats
301 creatures vanquished.

Notes
Turn   | Place    | Note
-------+----------+-------------------------------------------
     0 | D:1      | Iziminza the Felid Conjurer began the quest for the Orb.
     0 | D:1      | Reached XP level 1. HP: 7/7 MP: 4/4
   232 | D:1      | Reached skill level 4 in Conjurations
   390 | D:1      | Reached XP level 2. HP: 11/11 MP: 3/6
   393 | D:1      | Learned a level 2 spell: Searing Ray
   478 | D:1      | You fall into a shaft and drop 1 floor!
   846 | D:1      | Reached XP level 3. HP: 14/14 MP: 5/7
  1740 | D:2      | Reached skill level 5 in Conjurations
  1805 | D:3      | Noticed a -2 dagger
  1805 | D:3      | Noticed a +0 dagger
  2256 | D:2      | Found a sparkling altar of Nemelex Xobeh.
  2360 | D:2      | Reached XP level 4. HP: 17/17 MP: 3/8
  2492 | D:3      | Found a hide-covered altar of Uskayaw.
  3100 | D:3      | Reached XP level 5. HP: 21/21 MP: 3/9
  3176 | D:3      | Found a white marble altar of Elyvilon.
  3797 | D:4      | Noticed an ogre
  3802 | D:4      | Killed an ogre
  3803 | D:4      | Gained mutation: You are covered in thick fur. (AC +2)
                  | [Felid growth]
  3803 | D:4      | Reached XP level 6. HP: 24/24 MP: 4/11
  4016 | D:5      | Entered Level 5 of the Dungeon
  4358 | D:4      | Reached skill level 5 in Stealth
  4682 | D:4      | Reached skill level 5 in Dodging
  4682 | D:4      | Reached XP level 7. HP: 27/27 MP: 4/13
  5004 | D:4      | Got a twitching ruby amulet
  5311 | D:5      | Reached skill level 6 in Conjurations
  5623 | D:6      | Noticed Maggie
  6048 | D:5      | Found an opulent altar of Gozag.
  6614 | D:5      | Reached skill level 5 in Spellcasting
  6825 | D:5      | Reached XP level 8. HP: 31/31 MP: 11/16
  6830 | D:5      | Learned a level 4 spell: Iskenderun's Mystic Blast
  7020 | D:6      | Reached skill level 7 in Conjurations
  7150 | D:7      | Found a broken altar of Ashenzari.
  7470 | D:7      | Reached skill level 8 in Conjurations
  7639 | D:7      | Found a flagged portal.
  7961 | D:7      | Reached skill level 9 in Conjurations
  7997 | D:7      | HP: 1/31 [killer bee (9)]
  7999 | D:7      | Succumbed to a killer bee's poison
  8000 | D:7      | Reached XP level 7. HP: 0/27 MP: 2/15
  8076 | D:7      | Found a staircase to the Ecumenical Temple.
  8085 | Temple   | Entered the Ecumenical Temple
  8584 | D:6      | Found a bloodstained altar of Trog.
  8688 | D:6      | Found a blossoming altar of Fedhas.
  8943 | D:7      | Found an iron altar of Okawaru.
  8943 | D:7      | Found a radiant altar of Vehumet.
  8946 | D:7      | Became a worshipper of Vehumet
  8951 | D:7      | Learned a level 3 spell: Summon Guardian Golem
  8956 | D:7      | Learned a level 4 spell: Ice Form
  9067 | D:7      | Reached XP level 8. HP: 22/31 MP: 10/16
  9583 | D:7      | Reached * piety under Vehumet
  9583 | D:7      | Offered knowledge of Freeze by Vehumet.
  9865 | D:8      | Found a glowing silver altar of Zin.
  9935 | D:8      | Reached skill level 1 in Fighting
  9935 | D:8      | Reached skill level 1 in Transmutations
  9975 | D:8      | Reached skill level 1 in Summonings
  9995 | D:8      | Reached skill level 1 in Ice Magic
 10036 | D:8      | Identified the amulet "Zeimata" {*Corrode rC+ Regen+ MP+9
                  | Dex+3} (You found it on level 4 of the Dungeon)
 10165 | D:8      | Found a transporter.
 10172 | D:8      | Found a transporter.
 10173 | D:8      | Noticed weresquid's ghost (novice KoHu)
 10404 | D:9      | Noticed Pikel
 10494 | D:10     | Entered Level 10 of the Dungeon
 10520 | D:8      | Found a sparkling altar of Nemelex Xobeh.
 10653 | D:8      | Found a sacrificial altar of Ru.
 11133 | D:9      | Reached XP level 9. HP: 36/36 MP: 17/17
 11193 | D:9      | Noticed Joseph
 11202 | D:9      | Gained mutation: You are dopey. (Int -2) [potion of
                  | mutation]
 11202 | D:9      | Gained mutation: Your flesh is cold resistant. (rC+)
                  | [potion of mutation]
 11202 | D:9      | Shot with a sling bullet by Joseph
 11203 | D:9      | Reached XP level 8. HP: -15/33 MP: 20/25
 11277 | D:9      | Killed Joseph
 11376 | D:9      | Found a shimmering blue altar of Sif Muna.
 11705 | D:9      | You fall into a shaft and drop 1 floor!
 11843 | D:9      | Reached ** piety under Vehumet
 11843 | D:9      | Offered knowledge of Shock by Vehumet.
 11940 | D:9      | Reached XP level 9. HP: 38/38 MP: 17/17
 12334 | D:9      | Killed Pikel
 12692 | D:10     | Reached skill level 10 in Conjurations
 12798 | D:10     | Found a staircase to the Orcish Mines.
 13001 | D:10     | Reached skill level 5 in Fighting
 13001 | D:10     | Reached skill level 5 in Transmutations
 13232 | D:11     | Reached XP level 10. HP: 37/45 MP: 18/18
 13272 | D:10     | Noticed a two-headed ogre
 13282 | D:10     | Killed a two-headed ogre
 13662 | D:11     | Offered knowledge of Mephitic Cloud by Vehumet.
 13667 | D:11     | Learned a level 3 spell: Mephitic Cloud
 13984 | D:11     | Noticed an elephant
 14061 | D:11     | Killed an elephant
 14062 | D:11     | Reached skill level 1 in Evocations
 14264 | D:11     | Noticed a cyan ugly thing
 14331 | D:11     | Reached *** piety under Vehumet
 14356 | D:11     | Killed a cyan ugly thing
 14357 | D:11     | Reached skill level 5 in Ice Magic
 14758 | D:11     | Found a staircase to the Lair.
 14950 | D:12     | Slain by a hog
 14951 | D:12     | Reached XP level 9. HP: -2/43 MP: 23/26
 15091 | D:12     | Reached XP level 10. HP: 34/47 MP: 18/18
 15293 | D:12     | Noticed Kirke
 15332 | D:12     | Noticed a lindwurm
 15498 | D:12     | Noticed a boulder beetle
 15507 | D:12     | Slain by a boulder beetle

Illustrated notes

Levels and vault maps discovered:
D:1:      scummos_arrival_simple_crosswalls, layout_rooms, serial_rivers,
          chequers_serial_rivers_micro_e, chequers_serial_rivers_large_a,
          chequers_serial_rivers_micro_c, chequers_serial_rivers_marsh,
          chequers_serial_rivers_large_b, chequers_serial_rivers_small_a
D:2:      layout_basic, nemelex_lonely_heart_becter
D:3:      layout_basic, general_overflow_altar, dancing_weapons_uskayaw
D:4:      layout_cave_pools
D:5:      minmay_evil_eye, layout_cave_pools, kennysheep_mini
D:6:      layout_cave_pools, lemuel_doored_altar, fedhas_altar_fruit_tree,
          uniq_maggie
D:7:      lemuel_ratsnest, layout_gridville, gammafunk_temple_overflow_elements,
          ashenzari_conservatory_becter, temple_fountains, enter_bailey_5
D:8:      layout_cave_pools, lemuel_crystal_altar,
          nicolae_ru_sacrificial_ziggurat, lemuel_coloured_pillars_altar,
          gammafunk_ghost_mausoleum, minmay_fractal_squares_diagonal_5
D:9:      layout_irregular_city, tgw_sif, minivault_19,
          lightli_fourway_metalbox, uniq_pikel, uniq_joseph
D:10:     layout_basic, david_orc_3
D:11:     layout_irregular_city, david_lair_generic
D:12:     layout_big_octagon, uniq_frances, uniq_kirke
Temple:   cyrus_temple_forest

Skill      XL: |  1  2  3  4  5  6  7  8  9 10 |
---------------+-------------------------------+-----
Conjurations   | 4 5 6 9 10 | 10.0
Stealth        | 3 4 5 7 |  7.0
Dodging        | 3 4 5 6 8 |  8.7
Spellcasting   | 3 5 |  5.0
Fighting       | 3 5 7 |  7.7
Transmutations | 3 5 |  5.0
Summonings     | 2 |  2.0
Ice Magic      | 2 3 5 |  5.0
Evocations     | 3 2 |  3.0

Action                   |  1- 3 |  4- 6 |  7- 9 | 10-12 || total
-------------------------+-------+-------+-------+-------++-------
Melee: Unarmed           |     3 |       |     1 |       ||     4
 Cast: Magic Dart        |    45 |    69 |   173 |    29 ||   316
       Searing Ray       |    17 |    36 |   159 |    38 ||   250
       Ice Form          |       |       |     1 |     1 ||     2
       Summon Guardian G |       |       |     1 |       ||     1
       Iskenderun's Myst |       |       |     2 |       ||     2
Evoke: Wand              |       |       |       |     1 ||     1
  Use: Scroll            |     3 |       |    13 |       ||    16
       Potion            |       |       |     8 |     1 ||     9
Armor: Skin              |     1 |     1 |     4 |    18 ||    24
Dodge: Dodged            |     7 |     5 |   185 |    53 ||   250
